 Dungeon Crawl Stone Soup version 0.20.1-1-g8b1a95d (webtiles) character file.

1724 Lanoc the Cudgeler (level 9, -5/55 HPs)
             Began as a Gargoyle Abyssal Knight on Nov 25, 2017.
             Was a Priest of Lugonu.
             Slain by an ogre
             ... wielding a +0 giant club
              (18 damage)
             ... on level 7 of the Dungeon.
             The game lasted 00:24:02 (4727 turns).

Lanoc the Cudgeler (Gargoyle Abyssal Knight)        Turns: 4727, Time: 00:24:03

Health: -5/55      AC: 15    Str: 19    XL:     9   Next: 4%
Magic:  10/10      EV:  4    Int: 15    God:    Lugonu [***...]
Gold:   451        SH: 16    Dex:  9    Spells: 8/8 levels left

rFire    + . .     SeeInvis .   a - +1 mace
rCold    + . .     Gourm    .   j - +2 large shield {reflect}
rNeg     + . .     Faith    .   d - +1 chain mail {rC+}
rPois    ∞         Spirit   .   (helmet restricted)
rElec    +         Reflect  +   y - +0 cloak
rCorr    .         Harm     .   (no gloves)
MR       .....                  f - +0 pair of boots
Stlth    ..........             h - amulet of regeneration
Regen    0.6/turn               o - ring of flight
MPRegen  0.2/turn               s - ring of protection from fire

@: no status effects
A: horns 1, clever 1, deformed body, negative energy resistance 1, electricity
resistance, unbreathing, petrification resistance, rot immunity, MP-powered
wands, AC +5
a: Depart the Abyss, Bend Space, Banish, Renounce Religion, Evoke Flight


You were on level 7 of the Dungeon.
You worshipped Lugonu.
Lugonu was most pleased with you.
You were full.

You visited 1 branch of the dungeon, and saw 7 of its levels.
You visited the Abyss 1 time.

You collected 451 gold pieces.

Inventory:

Hand Weapons
 a - a +1 mace (weapon)
 F - a +0 shortbow
Missiles
 G - 20 arrows
Armour
 d - a +1 chain mail of cold resistance (worn)
 f - a +0 pair of boots (worn)
 j - a +2 large shield of reflection (worn)
 y - a +0 cloak (worn)
Jewellery
 h - an amulet of regeneration (around neck)
 o - a ring of flight (left hand)
 s - a ring of protection from fire (right hand)
Wands
 E - a wand of enslavement (14/24)
 I - a wand of random effects (29/48)
Scrolls
 e - 2 scrolls of fear {unknown}
 g - 7 scrolls of identify {unknown}
 i - 5 scrolls of teleportation {unknown}
 l - 2 scrolls of enchant armour {unknown}
 n - 4 scrolls of magic mapping {unknown}
 r - a scroll of random uselessness {unknown}
 t - 3 scrolls of recharging {unknown}
 u - a scroll of noise {unknown}
 v - 2 scrolls of fog {unknown}
 A - a scroll of remove curse {unknown}
 H - a scroll of blinking {unknown}
Potions
 k - a potion of resistance {unknown}
 p - a potion of haste
 w - 3 potions of agility {unknown}
 x - a potion of might {unknown}
 B - 3 potions of invisibility {unknown}
 C - a potion of ambrosia {unknown}
 D - a potion of flight {unknown}
Books
 z - a book of Conjurations

   Spells                             Type                      Level
   a - Magic Dart                     Conjuration                  1
   b - Searing Ray                    Conjuration                  2
   c - Dazzling Spray                 Conjuration/Hexes            3
   d - Fulminant Prism                Conjuration/Hexes            4
   e - Force Lance                    Conjuration/Translocation    4
   f - Iskenderun's Mystic Blast      Conjuration                  4
Comestibles
 b - 3 fruits
 c - 7 bread rations
 m - 5 royal jellies
 q - 3 meat rations
 J - 3 chunks of flesh


   Skills:
 + Level 6.2 Fighting
 + Level 7.5 Maces & Flails
 + Level 5.5 Armour
 + Level 1.8 Dodging
 + Level 0.2 Stealth
 + Level 5.0 Shields
 + Level 2.1 Invocations


You had 8 spell levels left.
You didn't know any spells.

Dungeon Overview and Level Annotations

Branches:
Dungeon (7/15)             Temple (0/1) D:4

Altars:
Elyvilon
Fedhas
Hepliaklqana
Nemelex Xobeh
Okawaru
Qazlal
Sif Muna
Uskayaw
The Shining One


Innate Abilities, Weirdness & Mutations

You are resistant to torment.
Your stone body is resilient. (AC +5)
You are immune to poison.
You resist negative energy. (rN+)
You are resistant to electric shocks. (rElec)
You can survive without breathing.
You are immune to petrification.
You are immune to rotting.
You have a pair of small horns on your head.
Your mind is acute. (Int +2)
Armour fits poorly on your strangely shaped body.
You expend magic power (3 MP) to strengthen your wands.


Message History

The ogre hits you with a giant club!
Your shield and chain mail prevent you from hitting the ogre.
Your headbutt misses the ogre.
The ogre is severely wounded.
You block the ogre's attack.
You hit the ogre but do no damage.
The ogre is severely wounded.
The ogre hits you with a giant club!
You completely miss the ogre. You headbutt the ogre.
The ogre is almost dead.
You block the ogre's attack.
You hit the ogre.
The ogre is almost dead.
The ogre hits you with a giant club!
* * * LOW HITPOINT WARNING * * *
Okay, then.
You closely miss the ogre.
The ogre is almost dead.
The ogre hits you with a giant club!!
You die...

###.....# #..........## #
####### #...........## ##
##............## .#
##............<.# .###
##...............#
...######...............##
.....[#...#............##
.........###....O.....##
........## #....@...###
.........# ##......##
.........# #....###
.........# ##.###
......>...# ###
..........# ..........#
..........# ........


You could see an ogre.

Vanquished Creatures
  Sigmund (D:2)
  Menkaure (D:6)
  An ice beast (D:6)
  A phantom (D:5)
  A black bear (D:6)
  4 ogres
  A centaur (D:6)
  A howler monkey (D:6)
  5 crimson imps
  A jelly (D:5)
  A hound (D:6)
  3 orc priests
  2 centaur skeletons
  An iguana (D:7)
  Natasha (D:2)
  An orc wizard (D:3)
  3 worker ants
  A hound skeleton (D:5)
  11 adders
  An ooze (D:5)
  6 worms
  3 leopard geckos
  8 orcs
  A ball python (D:4)
  3 giant cockroaches
  7 goblins
  10 hobgoblins
  11 jackals
  11 kobolds
  3 quokkas
  9 bats
  4 frilled lizards
  A leopard gecko zombie (D:6)
  4 rats
123 creatures vanquished.

Notes
Turn   | Place    | Note
-------+----------+-------------------------------------------
     0 | Abyss:1  | Lanoc the Gargoyle Abyssal Knight began the quest for the Orb.
     0 | Abyss:1  | Reached XP level 1. HP: 14/14 MP: 2/2
    59 | Abyss:1  | Found a corrupted altar of Lugonu.
    61 | Abyss:1  | Noticed a wretched star
    66 | Abyss:1  | Noticed a thrashing horror
    68 | D:1      | Escaped the Abyss
   145 | D:1      | Reached XP level 2. HP: 19/19 MP: 3/3
   229 | D:1      | Reached * piety under Lugonu
   481 | D:1      | Reached XP level 3. HP: 24/24 MP: 4/4
   692 | D:2      | Reached skill level 3 in Maces & Flails
   692 | D:2      | Reached XP level 4. HP: 25/29 MP: 5/5
   883 | D:2      | Found a sparkling altar of Nemelex Xobeh.
   883 | D:2      | Found a deep blue altar of Sif Muna.
   927 | D:2      | Noticed Sigmund
  1003 | D:2      | Gained mutation: You expend magic power (3 MP) to strengthen your wands. [potion of mutation]
  1003 | D:2      | Gained mutation: Armour fits poorly on your strangely shaped body. [potion of mutation]
  1003 | D:2      | Gained mutation: Your mind is acute. (Int +2) [potion of mutation]
  1003 | D:2      | Gained mutation: You have a pair of small horns on your head. [potion of mutation]
  1009 | D:2      | Killed Sigmund
  1009 | D:2      | Reached skill level 4 in Maces & Flails
  1009 | D:2      | Reached skill level 1 in Dodging
  1009 | D:2      | Reached XP level 5. HP: 23/34 MP: 6/6
  1009 | D:2      | Reached XP level 6. HP: 26/39 MP: 7/7
  1062 | D:2      | Noticed Natasha
  1089 | D:2      | Killed Natasha
  1354 | D:2      | Found a blossoming altar of Fedhas.
  1409 | D:3      | Reached ** piety under Lugonu
  1900 | D:3      | Reached skill level 5 in Maces & Flails
  2261 | D:4      | Found a staircase to the Ecumenical Temple.
  2621 | D:4      | Reached XP level 7. HP: 41/44 MP: 8/8
  2962 | D:5      | Entered Level 5 of the Dungeon
  3065 | D:5      | Reached skill level 5 in Fighting
  3118 | D:5      | Found a white marble altar of Elyvilon.
  3227 | D:5      | Reached skill level 6 in Maces & Flails
  3353 | D:5      | Found a stormy altar of Qazlal.
  3407 | D:5      | Reached skill level 1 in Shields
  3420 | D:5      | Reached skill level 5 in Armour
  3469 | D:5      | Found a hazy altar of Hepliaklqana.
  3471 | D:5      | Found a hide-covered altar of Uskayaw.
  3473 | D:5      | Found a glowing golden altar of the Shining One.
  3524 | D:5      | Found an iron altar of Okawaru.
  3580 | D:6      | Reached XP level 8. HP: 49/49 MP: 9/9
  4014 | D:6      | Noticed Menkaure
  4023 | D:6      | Reached *** piety under Lugonu
  4029 | D:6      | Killed Menkaure
  4289 | D:6      | Reached skill level 7 in Maces & Flails
  4524 | D:7      | Reached XP level 9. HP: 41/55 MP: 10/10
  4628 | D:7      | Reached skill level 5 in Shields
  4727 | D:7      | Slain by an ogre

Skill      XL: |  1  2  3  4  5  6  7  8  9 |
---------------+----------------------------+-----
Fighting       | 4 5 6 |  6.2
Maces & Flails | 3 4 5 6 7 |  7.5
Armour         | 3 4 5 |  5.5
Dodging        | 1 |  1.8
Shields        | 1 4 5 |  5.0
Stealth        | |  0.2
Invocations    | |  2.1

Action                   |  1- 3 |  4- 6 |  7- 9 || total
-------------------------+-------+-------+-------++-------
Melee: Mace              |   103 |   215 |   324 ||   642
       Headbutt          |       |    17 |    44 ||    61
Invok: Depart the Abyss  |     1 |       |       ||     1
  Use: Potion            |       |     5 |     1 ||     6
  Eat: Chunk             |       |     1 |     6 ||     7
       Meat ration       |       |     1 |     1 ||     2
       Fruit             |       |       |     1 ||     1
Armor: Chain mail        |   111 |   146 |   170 ||   427
Dodge: Dodged            |    46 |    71 |    31 ||   148
Block: Large shield      |       |       |   248 ||   248
       Reflection        |       |       |     2 ||     2
